 Dungeon Crawl Stone Soup version 0.30.0-29-ga12c61a403 (webtiles) character file.

Game seed: 7096182062431424472

216 booth the Conjurer (level 5, -3/32 HPs)
             Began as a Gargoyle Reaver on June 20, 2023.
             Was a Follower of Ru.
             Slain by a wight
             ... wielding a +4 scimitar of freezing
              (14 damage)
             ... on level 6 of the Dungeon.
             The game lasted 00:20:32 (2573 turns).

booth the Conjurer (Gargoyle Reaver)                Turns: 2573, Time: 00:20:33

Health: -3/32      AC:  8    Str: 18    XL:     5   Next: 93%
Magic:  7/9        EV: 11    Int: 13    God:    Ru [*.....]
Gold:   175        SH:  0    Dex:  8    Spells: 4/10 levels left

rFire   . . .        a - +0 mace (heavy)
rCold   . . .        (no shield)
rNeg    + + +        b - +1 leather armour
rPois   ∞            (no helmet)
rElec   +            (no cloak)
rCorr   .            (no gloves)
SInv    .            (no boots)
Will    .....        c - amulet of the Scuffed God {Reflect Fly rN++ SH+5} Stlth
                     (no ring)
HPRegen 0.25/turn    (no ring)
MPRegen 0.11/turn

%: reflection
@: confused, flying, hasted, very quick
A: sickness immunity, AC +4, negative energy resistance 1, electricity
resistance, torment resistance 1, petrification resistance, weak-willed 1
a: Renounce Religion


You were on level 6 of the Dungeon.
You worshipped Ru.
Ru was aware of your devotion.
You visited 1 branch of the dungeon, and saw 6 of its levels.

You collected 175 gold pieces.

Inventory:

Hand Weapons
 a - a +0 heavy mace (weapon)
Missiles
 f - 5 boomerangs
 g - 12 poisoned darts
 l - 6 atropa-tipped darts
Armour
 b - a +1 leather armour (worn)
 n - a +0 ring mail
Jewellery
 c - the amulet of the Scuffed God (around neck) {Reflect Fly rN++ SH+5}
   (You acquired it on level 3 of the Dungeon)

   [amulet of reflection]

   It reflects blocked missile attacks.
   rN:        It greatly protects you from negative energy.
   Fly:       It grants you flight.
   SH:        It affects your SH (+5).
Wands
 o - a wand of paralysis (3)
Scrolls
 e - a scroll of fear
 j - a scroll of silence
 m - a scroll of blinking {unknown}
Potions
 d - a potion of mutation {unknown}
 h - a potion of curing
 i - a potion of resistance {unknown}


   Skills:
 + Level 3.4 Fighting
 + Level 3.8 Maces & Flails
 + Level 0.1 Armour
 + Level 2.5 Dodging
 + Level 3.0 Spellcasting
 + Level 4.3 Conjurations


You had 4 spell levels left.
You knew the following spells:

 Your Spells              Type           Power      Damage    Failure   Level
a - Kiss of Death         Conj/Necr      28%        2d7       12%         1
b - Momentum Strike       Conj/Tloc      14%        3d8       17%         2
c - Hailstorm             Conj/Ice       7%         3d4       34%         3

Your spell library contained the following spells:

 Spells                   Type           Power      Damage    Failure   Level
 Blink                    Tloc           2%         N/A       38%         2
 Lesser Beckoning         Tloc           2%         N/A       38%         2


Dungeon Overview and Level Annotations

Branches:
Dungeon (7/15)             Temple (0/1) D:4

Altars:
Cheibriados
Gozag
Makhleb
Ru

Shops:
D:1 !


Innate Abilities, Weirdness & Mutations

You are immune to sickness and miasma.
Your stone body is resilient. (AC +4)
You are immune to poison.
You resist negative energy. (rN+)
You are resistant to electric shocks. (rElec)
You are resistant to unholy torment.
You are immune to petrification.
You are slightly weak-willed. (Will-)


Message History

The orc is stunned by your conviction and fails to attack.
Something completely misses you. You block the orc's attack.
You barely miss something. You punch something. Something hits you.
The orc misses you. You block the orc's attack.
Something hits you but does no damage.
Casting: Kiss of Death (safe; 12% risk of failure)
Confirm with . or Enter, or press ? or * to list all spells.
The spell is quite dangerous to miscast (34% risk of failure)!
Continue anyway?
Casting: Hailstorm (quite dangerous; 34% risk of failure)
Press: ? - help, Dir - look around, f - activate A cannonade of hail descends around you!
The hail pelts the wight.
The wight partially resists.
The wight is moderately damaged.
The hail pelts the wight.
The wight partially resists.
The wight is lightly damaged.
The hail pelts the wight.
The wight partially resists.
The wight is lightly damaged.
You hear a shout!
The orc closely misses you. Something hits you.
Something hits you but does no damage. The orc misses you.
You closely miss something. Something hits you but does no damage.
You block the orc's attack.
You completely miss something. Something hits you.
The orc hits you but does no damage. You block the orc's attack.
You block something's attack.
You miss something. You block something's attack. The orc barely misses you.
The orc hits you with a +0 short sword.
You hear some strange, mumbled words.
You are confused.
You bump into the rock wall.
The orc barely misses you. Something hits you but does no damage.
You feel yourself speed up. The orc barely misses you.
You are too confused!
You closely miss the orc. The orc hits you but does no damage.
You sock something!
Reactivating autopickup.
You feel a bit more experienced. The orc misses you.
The orc completely misses you.
The wight hits you with a +4 scimitar of freezing!
You die...

#.#
#.##.###
#.......
#.##.#.#
#.##o#z#
#.##o#z#
#.##>#.#
#o##o#.##.#
#@zzz.....#
###########


You could see 3 wights and 2 orcs.

Vanquished Creatures
  A jelly (D:4)
  3 orc wizards
  An iguana (D:4)
  4 adders
  2 shadow imps
  An ufetubus (D:4)
  7 orcs (D:3)
  7 bats
  3 endoplasms
  3 giant cockroaches
  4 goblins
  7 hobgoblins
  4 jackals (D:1)
  3 kobolds (D:2)
  3 quokkas
  6 ball pythons
  A rat (D:3)
60 creatures vanquished.

Vanquished Creatures (others)
  A goblin (D:4)
  A quokka (D:4)
2 creatures vanquished.

Grand Total: 62 creatures vanquished

Notes
Turn   | Place    | Note
-------+----------+-------------------------------------------
     0 | D:1      | booth the Gargoyle Reaver began the quest for the Orb.
     0 | D:1      | Reached XP level 1. HP: 12/12 MP: 3/3
   101 | D:1      | Reached XP level 2. HP: 13/18 MP: 5/5
   112 | D:1      | Learned a level 2 spell: Momentum Strike
   151 | D:1      | Found Qicsop's Distillery.
   690 | D:2      | Reached XP level 3. HP: 22/22 MP: 6/6
   694 | D:2      | Learned a level 3 spell: Hailstorm
  1301 | D:2      | Reached XP level 4. HP: 23/27 MP: 7/7
  1366 | D:2      | Found a faded altar of an unknown god.
  1373 | D:2      | Prayed at the altar of an unknown god.
  1373 | D:2      | Became a worshipper of Ru the Awakened
  1395 | D:2      | Gained mutation: You are slightly weak-willed. (Will-) [Ru
                  | sacrifice]
  1395 | D:2      | Reached * piety under Ru
  1547 | D:3      | Identified a scroll of acquirement
  1552 | D:3      | Acquired the amulet of the Scuffed God {Reflect Fly rN++
                  | SH+5}
  1628 | D:3      | Found an opulent altar of Gozag.
  1853 | D:3      | Reached skill level 4 in Conjurations
  1853 | D:3      | Reached XP level 5. HP: 28/32 MP: 9/9
  2258 | D:4      | Found a snail-covered altar of Cheibriados.
  2374 | D:4      | Found a burning altar of Makhleb.
  2444 | D:4      | Found a staircase to the Ecumenical Temple.
  2506 | D:4      | You are sucked into a shaft and drop 3 floors!
  2573 | D:6      | Slain by a wight

Illustrated notes

Levels and vault maps discovered:
D:1:      ebering_hopf_link, layout_rooms, serial_shops, shop,
          minmay_misc_feat_ornament
D:2:      layout_basic, dilly_ecumenical_altar_fadedgnrine
D:3:      layout_basic, grunt_gozag_breadcrumbs, minmay_misc_feat_rugged,
          corexii_hall_statues_deadend
D:4:      layout_rooms, kennysheep_little_box,
          mainiacjoe_overflow_concentric_impassable, minmay_temple_entry_arrows,
          serial_glass, glass_columns_a, glass_columns_a
D:6:      layout_loops_ring, nicolae_vehumet_radiance, lemuel_doored_altar
D:7:      layout_rooms, mainiacjoe_overflow_brackets, fedhas_ov_isle_minmay,
          mainiacjoe_overflow_surrounded_room

Skill      XL: |  1  2  3  4  5 |
---------------+----------------+-----
Dodging        | 2 |  2.5
Fighting       | 3 |  3.4
Conjurations   | 4 |  4.3
Spellcasting   | 3 |  3.0
Maces & Flails | |  3.8
Armour         | |  0.1

Action                     |  1- 3 |  4- 6 || total
---------------------------+-------+-------++-------
  Melee: Mace              |   124 |    85 ||   209
         Punch             |       |     1 ||     1
  Throw: Dart              |       |     1 ||     1
   Cast: Hailstorm         |       |     1 ||     1
 Invoke: Sacrifice Essence |       |     1 ||     1
    Use: Scroll            |     4 |    10 ||    14
         Potion            |       |     1 ||     1
 Armour: Leather armour    |    67 |    49 ||   116
  Dodge: Dodged            |   137 |    56 ||   193
  Block: Other             |       |    21 ||    21
